 Dungeon Crawl Stone Soup version 0.31.0-11-ge490571c62 (webtiles) character file.

Game seed: 11161079354170603454

58 bearlyready the Ruffian (level 4, -7/28 HPs)
             Began as an Octopode Shapeshifter on Feb 7, 2024.
             Killed from afar by an orc wizard (9 damage)
             ... with a magic dart
             ... on level 3 of the Dungeon.
             The game lasted 00:03:57 (1052 turns).

bearlyready the Ruffian (Octopode Shapeshifter)     Turns: 1052, Time: 00:03:57

Health: -7/28      AC:  1    Str: 15    XL:     4   Next: 1%
Magic:  4/4        EV: 13    Int: 12    God:
Gold:   113        SH:  0    Dex: 11    Spells: 3/3 levels left

rFire   + .          .
                       - Unarmed
rCold   + . .        (no shield)
rNeg    . . .        (helmet currently unavailable)
rPois   +            (no amulet)
rElec   +            (no ring)
rCorr   +            (no ring)
SInv    .            (no ring)
Will    .....        (no ring)
Stlth   ++           (no ring)
HPRegen 0.24/turn    (no ring)
MPRegen 0.09/turn    (no ring)
                     (no ring)

%: no passive effects
@: confused, beast-form, resistant
A: beast (slay +2), almost no armour, amphibious, 8 rings, camouflage 1,
gelatinous body 1, (nimble swimmer 1), tentacles
a: Begin Untransformation


You were on level 3 of the Dungeon.
You were a hulking beast.
You visited 1 branch of the dungeon, and saw 3 of its levels.

You collected 113 gold pieces.

Inventory:

Missiles
 d - 31 stones (quivered)
 e - 2 javelins
 m - 3 poisoned darts
Armour
 o - a +0 buckler
Talismans
 b - a beast talisman
 c - a flux talisman
 h - a maw talisman
Scrolls
 f - 2 scrolls of enchant armour {unknown}
 i - a scroll of fog {unknown}
 j - a scroll of fear {unknown}
 k - a scroll of teleportation {unknown}
 n - a scroll of immolation {unknown}
 p - a scroll of enchant weapon {unknown}
 q - a scroll of identify {unknown}


   Skills:
 - Level 1.0 Fighting
 - Level 2.0 Dodging
 + Level 3.9 Unarmed Combat
 + Level 3.8 Shapeshifting


You had 3 spell levels left.
You didn't know any spells.
Your spell library contained the following spells:

 Spells                   Type           Power      Damage    Failure   Level
 Apportation              Tloc           0%         N/A       32%         1
 Jinxbite                 Hex            0%         N/A       45%         2
 Alistair's Intoxication  Alch           0%         N/A       100%        5


Dungeon Overview and Level Annotations

Branches:
Dungeon (3/15)

Altars:


Innate Abilities, Weirdness & Mutations

You are a hulking beast.
Your limbs bulge with bestial killing power. (Slay +2)
You cannot wear most types of armour.
You are amphibious.
You can wear up to eight rings at the same time.
Your skin changes colour to match your surroundings (Stealth+).
Your rubbery body absorbs attacks. (AC +1, EV +1)
((You are camouflaged when in or above water. (Stealth+)))
You have tentacles for arms and can constrict up to eight enemies at once.


Message History

The puff of flame hits you!
* * * LOW HITPOINT WARNING * * *
It was a potion of resistance.
You feel protected. Something hits you but does no damage.
The orc wizard casts a spell at you.
You are more confused.
You swing at nothing.
Something hits you but does no damage.
The orc wizard points at you and mumbles some strange words.
The puff of flame hits you. You resist.
* * * LOW HITPOINT WARNING * * *
You swing at nothing.
Something hits you but does no damage.
The orc wizard hits you but does no damage.
You are too confused!
You swing at nothing.
Something hits you.
* * * LOW HITPOINT WARNING * * *
You hit the orc wizard. Your punch misses the orc wizard.
The orc wizard is almost dead.
The orc wizard hits you but does no damage.
Something hits you but does no damage.
You barely miss the orc wizard.
The orc wizard is almost dead.
You feel less wooden.
You turn into a hulking beast.
The orc wizard hits you with a +0 dagger.
* * * LOW HITPOINT WARNING * * *
You are too confused!
You're too confused to attack without stumbling around!
You are too confused!
You're too confused to attack without stumbling around!
You're too confused to attack without stumbling around!
You're too confused to attack without stumbling around!
You are too confused!
Unknown command.
You aren't carrying any potions.
Unknown command.
You hear some strange, mumbled words.
A magic dart appears from out of thin air!
The magic dart hits you!
You die...

###### ...#.....##
≈.........##
≈....$.....#
≈..........#
≈..........#
≈..........#########
≈......{o)..........
≈.....?h†).####..###
≈......†...........#
...................#
.#..#####..<...†...#
... #..........# ..
#..........# .
.............#
................
#.............#..


You could see an orc wizard.

Vanquished Creatures
  3 dart slugs (D:1)
  3 ribbon worms
  2 orcs (D:3)
  5 ball pythons
  2 endoplasms (D:1)
  2 giant cockroaches (D:1)
  3 goblins (D:1)
  2 hobgoblins
  3 quokkas
  2 bats
  6 frilled lizards
  6 kobolds
  3 rats
42 creatures vanquished.

Notes
Turn   | Place    | Note
-------+----------+-------------------------------------------
     0 | D:1      | bearlyready the Octopode Shapeshifter began the quest for
                  | the Orb.
     0 | D:1      | Reached XP level 1. HP: 13/13 MP: 1/1
    86 | D:1      | Found a faded altar of an unknown god.
   146 | D:1      | Reached XP level 2. HP: 8/16 MP: 2/2
   526 | D:1      | Reached XP level 3. HP: 21/23 MP: 3/3
  1035 | D:3      | Reached XP level 4. HP: 15/28 MP: 4/4
  1052 | D:3      | Killed from afar by an orc wizard

Illustrated notes

Levels and vault maps discovered:
D:1:      dpeg_arrival_rhombi, layout_rooms, basic_ecumenical_altar
D:2:      layout_rooms
D:3:      layout_rooms, nicolae_overflow_squiral, serial_shops, shop,
          corexii_shack, uniq_terence, uniq_jessica

Action                     |  1- 3 |  4- 6 || total
---------------------------+-------+-------++-------
  Melee: Unarmed           |    88 |    10 ||    98
         Constrict         |    19 |       ||    19
         Tentacles         |    16 |       ||    16
    Use: Potion            |     2 |     1 ||     3
   Stab: Sleeping          |     7 |       ||     7
 Armour: Skin              |    94 |    28 ||   122
  Dodge: Dodged            |    46 |     1 ||    47
